 Dungeon Crawl Stone Soup version 0.31-a0-177-g4aa6249778 (webtiles) character file.

Game seed: 13976962307243359429

172 qw the Shield-Bearer (level 5, -1/32 HPs)
             Began as a Gargoyle Fighter on June 18, 2023.
             Was an Initiate of Okawaru.
             Slain by an ogre
             ... wielding a +0 giant club
              (30 damage)
             ... on level 4 of the Dungeon.
             The game lasted 00:01:29 (3118 turns).

qw the Shield-Bearer (Gargoyle Fighter)             Turns: 3118, Time: 00:01:30

Health: -1/32      AC: 16    Str: 22    XL:     5   Next: 52%
Magic:  5/5        EV:  5    Int:  8    God:    Okawaru [......]
Gold:   45         SH:  8    Dex:  9    Spells: 4/4 levels left

rFire   . . .        Y - +1 war axe
rCold   . . .        k - +0 kite shield
rNeg    + . .        b - +1 plate armour
rPois   inf          (no helmet)
rElec   +            (no cloak)
rCorr   .            (no gloves)
SInv    .            (no boots)
Will    .....        (no amulet) Stlth
                     (no ring)
HPRegen 0.25/turn    (no ring)
MPRegen 0.09/turn

%: no passive effects
@: no status effects
A: sickness immunity, AC +4, negative energy resistance 1, electricity
resistance, torment resistance 1, petrification resistance
a: Renounce Religion


You were on level 4 of the Dungeon.
You worshipped Okawaru.
Okawaru was noncommittal.
You visited 2 branches of the dungeon, and saw 5 of its levels.

You collected 108 gold pieces.
You spent 63 gold pieces at shops.


Innate Abilities, Weirdness & Mutations

You are immune to sickness and miasma.
Your stone body is resilient. (AC +4)
You are immune to poison.
You resist negative energy. (rN+)
You are resistant to electric shocks. (rElec)
You are resistant to unholy torment.
You are immune to petrification.


   Skills:
 - Level 3.2 Fighting
 - Level 4.2 Axes
 - Level 3.2 Armour
 + Level 4.6 Shields


You had 4 spell levels left.
You didn't know any spells.
Your spell library was empty.

Inventory:

Hand Weapons
 n - a +0 flail
 Y - a +1 war axe (weapon)
Armour
 b - a +1 plate armour (worn)
 k - a +0 kite shield (worn)
Scrolls
 f - 2 scrolls of identify
 g - 2 scrolls of teleportation
Potions
 a - a potion of mutation {unknown}
 c - 2 potions of haste {unknown}
 d - a potion of might
 e - a potion of resistance
 h - a potion of attraction {unknown}
 i - 3 potions of curing
 l - a potion of magic {unknown}
 m - a potion of heal wounds {unknown}

Dungeon Overview and Level Annotations

Branches:
Dungeon (4/15)             Temple (1/1) D:4

Altars:
Ashenzari
Cheibriados
Elyvilon
Fedhas
Gozag
Hepliaklqana
Kikubaaqudgha
Makhleb
Nemelex Xobeh
Okawaru
Qazlal
Ru
Sif Muna
Trog
Uskayaw
Vehumet
Xom
Yredelemnul
Zin
The Shining One

Shops:
D:2 (   D:3 [


Message History

The ball python grabs you. The ball python constricts you.
You closely miss the ball python.
The ball python bites you but does no damage.
The ball python constricts you.
The ball python bites you but does no damage.
The ball python constricts you.
You slash the ball python!
You kill the ball python!
Okawaru accepts your kill.
An ogre comes into view. It is wielding a +0 giant club.
The ogre shouts!
Enter note:
Enter note:
Enter note:
Enter note:
Enter note:
Enter note:
Enter note:
Enter note:
Enter note: You slash the ogre!
The ogre is moderately wounded.
The ogre hits you with a +0 giant club.
You hit the ogre but do no damage.
The ogre is moderately wounded.
The ogre hits you but does no damage.
You hit the ogre.
The ogre is heavily wounded.
The ogre barely misses you.
You barely miss the ogre.
The ogre is heavily wounded.
The ogre barely misses you.
You barely miss the ogre.
The ogre is heavily wounded.
You block the ogre's attack.
You slash the ogre!
The ogre is almost dead.
The ogre hits you with a +0 giant club!!
Ouch! That really hurt!
You die...

#.###...######... #....#
...........##..# #...##
...##......##.# #...#
...##......#..#
..))..........# #
)##.#......##.## ...
)##........##..#####..##
).).....#....#..........
>....#........##@O......
.....#..........#.......
.....#.......##. .......
.....#.......### .......
.....#....... .......
.....#....... #######
.....# ..... .....# ####


You could see an ogre.

Vanquished Creatures
  A hound (D:4)
  An orc wizard (D:4)
  5 adders
  3 dart slugs
  5 orcs
  6 ball pythons
  3 endoplasms
  3 giant cockroaches
  8 goblins
  5 hobgoblins
  2 jackals (D:1)
  8 kobolds
  2 quokkas
  2 bats
  6 frilled lizards
  4 rats
64 creatures vanquished.

Notes
Turn   | Place    | Note
-------+----------+-------------------------------------------
     0 | D:1      | qw the Gargoyle Fighter began the quest for the Orb.
     0 | D:1      | Reached XP level 1. HP: 14/14 MP: 1/1
     0 | D:1      | 0 ||| qw: Version: 0.3-a-5-g6f28e65
     0 | D:1      | 0 ||| qw: Game counter: 649
     0 | D:1      | 0 ||| qw: Always use a shield: true
     0 | D:1      | 0 ||| qw: God list: Okawaru
     0 | D:1      | 0 ||| qw: Allow faded altars: false
     0 | D:1      | 0 ||| qw: Do Orc after D:15 true
     0 | D:1      | 0 ||| qw: Do second Lair branch before Depths: true
     0 | D:1      | 0 ||| qw: Lair rune preference: random
     0 | D:1      | 0 ||| qw: Plans: Normal, Zot:1-4, Slime:5, God:TSO, Crypt,
                  | Tomb, Abyss, Pan, Hells, Win
     0 | D:1      | 0 ||| PLANNING D:1-11
   146 | D:1      | 146 ||| Stepping ~*~*~tactically~*~*~ (hiding).
   148 | D:1      | 148 ||| Stepping ~*~*~tactically~*~*~ (hiding).
   260 | D:1      | 260 ||| Stepping ~*~*~tactically~*~*~ (hiding).
   269 | D:1      | Reached XP level 2. HP: 19/19 MP: 2/2
   434 | D:1      | 434 ||| DROPPING +0 club.
   526 | D:1      | 526 ||| Stepping ~*~*~tactically~*~*~ (stealth).
   528 | D:1      | 528 ||| Stepping ~*~*~tactically~*~*~ (stealth).
   622 | D:1      | 622 ||| UPGRADING to +0 chain mail.
   632 | D:1      | 632 ||| DROPPING +0 scale mail.
   633 | D:1      | 633 ||| READING scroll labelled MOGIXZESYM.
   634 | D:1      | 634 ||| READING 2 scrolls labelled ERRUYN SAUTIQA.
   637 | D:1      | 637 ||| READING scroll labelled YSALAE NIEPH.
   638 | D:1      | 638 ||| DRINKING 2 fizzy purple potions.
   653 | D:2      | 653 ||| Stepping ~*~*~tactically~*~*~ (stealth).
   654 | D:2      | 654 ||| Stepping ~*~*~tactically~*~*~ (stealth).
   659 | D:2      | 659 ||| Stepping ~*~*~tactically~*~*~ (stealth).
   662 | D:2      | Reached skill level 3 in Axes
   746 | D:2      | Reached XP level 3. HP: 23/23 MP: 3/3
   799 | D:2      | 799 ||| Stepping ~*~*~tactically~*~*~ (stealth).
   936 | D:2      | Reached XP level 4. HP: 28/28 MP: 4/4
   948 | D:2      | Identified the +3 leather armour of Calculation {Str+8}
   960 | D:2      | Found Naffumn's Antique Weapon Shoppe.
  1028 | D:2      | 1028 ||| Stepping ~*~*~tactically~*~*~ (hiding).
  1032 | D:2      | 1032 ||| Stepping ~*~*~tactically~*~*~ (hiding).
  1141 | D:2      | 1141 ||| SHOPLISTING runed flail (130 gold, have 53).
  1549 | D:2      | 1549 ||| UPGRADING to +0 plate armour.
  1559 | D:2      | 1559 ||| DROPPING +0 chain mail.
  1560 | D:2      | 1560 ||| READING 2 scrolls labelled JIS ANIUJAIG.
  1561 | D:2      | 1561 ||| READING scroll of enchant armour.
  1561 | D:2      | 1561 ||| ENCHANTING +0 plate armour.
  1562 | D:2      | 1562 ||| READING scroll labelled HYNUIGG XANAKK.
  1791 | D:3      | 1791 ||| FLEEEEING.
  1792 | D:3      | 1792 ||| FLEEEEING.
  1793 | D:3      | 1793 ||| FLEEEEING.
  1794 | D:3      | 1794 ||| FLEEEEING.
  1796 | D:3      | 1796 ||| FLEEEEING.
  1797 | D:3      | 1797 ||| FLEEEEING.
  1798 | D:3      | 1798 ||| FLEEEEING.
  1799 | D:3      | 1799 ||| FLEEEEING.
  1805 | D:3      | 1805 ||| FLEEEEING.
  1905 | D:3      | Found Qier's Armour Shop.
  1922 | D:3      | 1922 ||| BUYING +0 kite shield (63 gold).
  1922 | D:3      | Bought a +0 kite shield for 63 gold pieces
  1922 | D:3      | 1922 ||| SHOPLISTING +0 pair of boots "Tidebax" {+Blink rC-
                  | MP+9 Stlth-} (406 gold, have 13).
  1922 | D:3      | 1922 ||| SHOPLISTING +3 helmet "Liaj" {Regen+ Int+2 Slay+3}
                  | (606 gold, have 13).
  2099 | D:3      | 2099 ||| UPGRADING to +0 kite shield.
  2109 | D:3      | 2109 ||| DROPPING +0 buckler.
  2110 | D:3      | 2110 ||| READING scroll labelled IQONAO REUCH.
  2211 | D:3      | 2211 ||| DRINKING 3 blue potions.
  2302 | D:4      | 2302 ||| Stepping ~*~*~tactically~*~*~ (stealth).
  2315 | D:4      | Found a staircase to the Ecumenical Temple.
  2316 | D:4      | 2316 ||| PLANNING TEMPLE
  2316 | D:4      | 2316 ||| Stepping ~*~*~tactically~*~*~ (hiding).
  2433 | Temple   | Entered the Ecumenical Temple
  2813 | Temple   | 2813 ||| PLANNING OKAWARU WORSHIP
  2838 | Temple   | Became a worshipper of Warmaster Okawaru
  2839 | Temple   | 2839 ||| PLANNING D:1-11
  2948 | D:4      | Reached XP level 5. HP: 32/32 MP: 5/5
  3013 | D:4      | 3013 ||| Stepping ~*~*~tactically~*~*~ (stealth).
  3015 | D:4      | 3015 ||| Stepping ~*~*~tactically~*~*~ (stealth).
  3019 | D:4      | 3019 ||| Stepping ~*~*~tactically~*~*~ (stealth).
  3020 | D:4      | 3020 ||| Stepping ~*~*~tactically~*~*~ (stealth).
  3054 | D:4      | 3054 ||| DROPPING +0 whip.
  3064 | D:4      | 3064 ||| Stepping ~*~*~tactically~*~*~ (stealth).
  3107 | D:4      | Noticed an ogre
  3118 | D:4      | Slain by an ogre

Levels and vault maps discovered:
D:1:      lemuel_arrival_broad_hall, layout_basic
D:2:      minmay_alternating_diamond, layout_loops_ring, serial_shops, shop,
          dk_noncrumbling_3, st_stairs_10
D:3:      layout_rooms, serial_shops, nicolae_shop_tiny_waterfront
D:4:      layout_rooms, minmay_temple_entry_statues_pillars,
          kennysheep_generic_room_9
Temple:   mainiacjoe_temple_big_plus

Skill      XL: |  1  2  3  4 |
---------------+-------------+-----
Axes           | 2 3 4 |  4.2
Shields        | 4 |  4.6
Fighting       | |  3.2
Armour         | |  3.2

Action                     |  1- 3 |  4- 6 || total
---------------------------+-------+-------++-------
  Melee: War axe           |    85 |   114 ||   199
    Use: Scroll            |     3 |     4 ||     7
         Potion            |     1 |     1 ||     2
 Armour: Scale mail        |    23 |       ||    23
         Chain mail        |    37 |    17 ||    54
         Plate armour      |       |    37 ||    37
  Dodge: Dodged            |    41 |    27 ||    68
  Block: Buckler           |    12 |    16 ||    28
         Kite shield       |       |    20 ||    20

Table legend:
 A = Non-vault XP
 B = Vault XP
 C = Vault XP percentage of total XP
 D = Non-vault monster count
 E = Vault monster count
 F = Vault count percentage of total count
                 A         B        C        D         E       F
            +---------+---------+-------+---------+---------+-------
      Total |     224 |      22 |   8.9 |      57 |       7 |  10.9
            +---------+---------+-------+---------+---------+-------
        D:1 |      26 |       0 |   0.0 |      15 |       0 |   0.0
        D:2 |      63 |      22 |  25.9 |      17 |       7 |  29.2
        D:3 |      22 |       0 |   0.0 |      10 |       0 |   0.0
        D:4 |     113 |       0 |   0.0 |      15 |       0 |   0.0
            +---------+---------+-------+---------+---------+-------
